 Dungeon Crawl Stone Soup version 0.29.1-2-gbd0b4ee654 (webtiles) character file.

Game seed: 10737359367161068174

22 hawla the Chiller (level 3, 0/26 HPs)
             Began as a Meteoran Ice Elementalist on Nov 30, 2022.
             Shot with a sling bullet by a goblin (5 damage)
             ... on level 2 of the Dungeon.
             The game lasted 00:01:50 (252 turns).

hawla the Chiller (Meteoran Ice Elementalist)        Turns: 252, Time: 00:01:50

Health: 0/26       AC:  2    Str:  9    XL:     3   Next: 23%
Magic:  8/8        EV: 12    Int: 18    God:
Gold:   43         SH:  0    Dex: 15    Spells: 7/8 levels left

rFire   . . .      SeeInvis .   (no weapon)
rCold   . . .      Faith    .   (no shield)
rNeg    . . .      Spirit   .   a - +0 robe
rPois   .          Reflect  .   (no helmet)
rElec   .          Harm     .   (no cloak)
rCorr   .          Rampage  .   (no gloves)
Will    .....                   (no boots)
Stlth   +.........              (no amulet)
HPRegen 0.08/turn               (no ring)
MPRegen 0.11/turn               (no ring)

@: attractive, glowing
A: sense surroundings 1, otherworldly, glowing, explore regen
a: no special abilities


You were on level 2 of the Dungeon.
You visited 1 branch of the dungeon, and saw 2 of its levels.

You collected 43 gold pieces.

Inventory:

Armour
 a - a +0 robe (worn)
Jewellery
 i - a ring of fire
Scrolls
 c - 2 scrolls of amnesia {unknown}
 d - a scroll of fear {unknown}
 e - 2 scrolls of magic mapping {unknown}
 f - a scroll of torment {unknown}
Potions
 g - a potion of might {unknown}
 h - a potion of attraction


   Skills:
 + Level 2.6 Dodging
 - Level 1.4 Stealth
 + Level 3.2 Spellcasting
 + Level 5.0 Ice Magic


You had 7 spell levels left.
You knew the following spells:

 Your Spells              Type           Power      Damage    Failure   Level
a - Freeze                Ice            80%        1d9       1%          1

Your spell library contained the following spells:

 Spells                   Type           Power      Damage    Failure   Level
 Frozen Ramparts          Ice            40%        1d7       6%          3
 Ozocubu's Armour         Ice            20%        N/A       6%          3
 Hailstorm                Conj/Ice       11%        3d5       50%         4


Dungeon Overview and Level Annotations

Branches:
Dungeon (2/15) Zot: 947

Altars:


Innate Abilities, Weirdness & Mutations

You passively map a small area around you.
You are easily found by Zot.
You glow in the dark.
You regain HP and MP as you explore.


Message History

Press: ? - help, Shift-Dir - straight line, f - hobgoblin
Aim: a hobgoblin, wielding a +1 vorpal hand axe You freeze the hobgoblin.
The hobgoblin is moderately wounded.
A goblin comes into view. It is wielding a +0 dagger.
The hobgoblin hits you with a +1 vorpal hand axe!
Casting: Freeze (safe; 2% risk of failure)
Confirm with . or Enter, or press ? or * to list all spells.
Aiming: Freeze (safe; 2% risk of failure)
Press: ? - help, Shift-Dir - straight line, f/p - hobgoblin
Aim: a hobgoblin, wielding a +1 vorpal hand axe (moderately wounded)
You freeze the hobgoblin!
You kill the hobgoblin!
The goblin shouts!
The hobgoblin hits you.
The goblin unwields a +0 dagger.
The goblin wields a +0 sling.
The goblin shoots a sling bullet.
The sling bullet hits you.
* * * LOW HITPOINT WARNING * * *
Your Ice Magic skill increases to level 5!
Casting: Freeze (safe; 1% risk of failure)
Confirm with . or Enter, or press ? or * to list all spells.
Aiming: Freeze (safe; 1% risk of failure)
Press: ? - help, Shift-Dir - straight line, f - hobgoblin
Aim: a hobgoblin You freeze the hobgoblin.
You kill the hobgoblin!
The goblin shoots a sling bullet.
The sling bullet closely misses you.
You see here a hobgoblin corpse.
The goblin shoots a sling bullet.
The sling bullet barely misses you.
The goblin shoots a sling bullet.
The sling bullet hits you.
* * * LOW HITPOINT WARNING * * *
The goblin shoots a sling bullet.
The sling bullet closely misses you.
The goblin shoots a sling bullet.
The sling bullet barely misses you.
The goblin shoots a sling bullet.
The sling bullet hits you.
The goblin shoots a sling bullet.
The sling bullet hits you.
* * * LOW HITPOINT WARNING * * *
It was a potion of attraction.
You feel attractive to monsters.
The goblin shoots a sling bullet.
The sling bullet hits you.
You die...

......#
#...........
, ......#
#............
......#
#..†)........
, ......#
#............
, ......#
#............
, <.....#
#............
* .######
#............
* .#
#............
.#
#....@..g....
.#
#............
.#
#............
.#
#............
.#
#............
.#
#............
.#
#............
.#
#############
##


You could see a goblin.

Vanquished Creatures
  A worm (D:2)
  A dart slug (D:1)
  2 bats
  An endoplasm (D:2)
  A giant cockroach (D:2)
  A goblin (D:2)
  3 hobgoblins (D:2)
  A jackal (D:2)
  A quokka (D:2)
  2 ball pythons
  A rat (D:2)
15 creatures vanquished.

Notes
Turn   | Place    | Note
-------+----------+-------------------------------------------
     0 | D:1      | hawla the Meteoran Ice Elementalist began the quest for the
                  | Orb.
     0 | D:1      | Reached XP level 1. HP: 14/14 MP: 5/5
    83 | D:1      | Reached XP level 2. HP: 20/20 MP: 3/6
   194 | D:2      | Reached XP level 3. HP: 20/26 MP: 0/8
   244 | D:2      | Reached skill level 5 in Ice Magic
   252 | D:2      | Shot with a sling bullet by a goblin

Illustrated notes

Levels and vault maps discovered:
D:1:      minmay_arrival_three_doors, layout_loops_ring, minivault_27,
          minmay_tromino_v4_a
D:2:      minmay_general_purpose_star, layout_basic, basic_altar,
          minmay_misc_feat_pillars

Skill      XL: |  1  2  3 |
---------------+----------+-----
Spellcasting   | 3 |  3.2
Ice Magic      | 5 |  5.0
Dodging        | |  2.6
Stealth        | |  1.4

Action                   || total
-------------------------++-------
Melee: Unarmed           ||     2
 Cast: Freeze            ||    25
  Use: Potion            ||     2
Armor: Robe              ||     6
Dodge: Dodged            ||    16
